 Dungeon Crawl Stone Soup version 0.29.1-13-g9f3cf754e1 (webtiles) character file.

Game seed: 5417289984342316511

168 javelincjr the Conjurer (level 5, -16/39 HPs)
             Began as a Draconian Conjurer on Feb 6, 2023.
             Demolished by an ogre
             ... wielding a +0 giant club
              (17 damage)
             ... on level 3 of the Dungeon.
             The game lasted 00:08:51 (3291 turns).

javelincjr the Conjurer (Draconian Conjurer)        Turns: 3291, Time: 00:08:52

Health: -16/39     AC:  6    Str: 10    XL:     5   Next: 24%
Magic:  18/18      EV: 12    Int: 20    God:
Gold:   151        SH:  0    Dex:  9    Spells: 6/9 levels left

rFire   . . .      SeeInvis .   t - +0 quarterstaff
rCold   + . .      Faith    .   (shield currently unavailable)
rNeg    . . .      Spirit   .   (body armour unavailable)
rPois   .          Reflect  .   (helmet restricted)
rElec   .          Harm     .   (no cloak)
rCorr   .          Rampage  .   z - +0 pair of gloves
Will    .....                   (no boots)
Stlth   ++........              y - amulet of magic regeneration
HPRegen 0.13/turn               g - ring of magical power
MPRegen 0.56/turn               h - ring of protection from cold

@: no status effects
A: AC +5, unfitting armour, cold-blooded
a: no special abilities


You were on level 3 of the Dungeon.
You visited 1 branch of the dungeon, and saw 4 of its levels.

You collected 151 gold pieces.

Inventory:

Hand Weapons
 c - a +0 dagger
 t - a +0 quarterstaff (weapon)
Missiles
 u - 8 poisoned darts
 B - 6 boomerangs of dispersal
Armour
 m - a +0 kite shield
 z - a +0 pair of gloves (worn)
Jewellery
 g - a ring of magical power (left hand)
 h - a ring of protection from cold (right hand)
 k - an amulet of faith
 y - an amulet of magic regeneration (around neck)
Wands
 A - a wand of flame (29)
Scrolls
 b - 2 scrolls of identify {unknown}
 d - 2 scrolls of vulnerability {unknown}
 e - a scroll of poison {unknown}
 j - 3 scrolls of torment {unknown}
 o - a scroll of amnesia {unknown}
 q - 3 scrolls of teleportation {unknown}
 r - a scroll of fear {unknown}
 w - a scroll of enchant weapon {unknown}
 x - a scroll of acquirement {unknown}
Potions
 a - a potion of magic
 f - a potion of curing {unknown}
 i - a potion of flight {unknown}
 l - a potion of invisibility {unknown}
 n - a potion of ambrosia {unknown}
 p - a potion of might {unknown}
 s - 3 potions of degeneration {unknown}
 v - a potion of berserk rage {unknown}


   Skills:
 + Level 0.6 Fighting
 + Level 0.4 Short Blades
 + Level 2.7 Dodging
 + Level 2.7 Stealth
 + Level 2.8 Spellcasting
 + Level 5.0 Conjurations


You had 6 spell levels left.
You knew the following spells:

 Your Spells              Type           Power      Damage    Failure   Level
a - Magic Dart            Conj           92%        1d7       1%          1
b - Searing Ray           Conj           46%        2d6       2%          2

Your spell library contained the following spells:

 Spells                   Type           Power      Damage    Failure   Level
 Static Discharge         Conj/Air       12%        3-5/arc   8%          2
 Dazzling Flash           Conj/Hex       24%        N/A       16%         3
 Fulminant Prism          Conj/Hex       6%         3d7       45%         4
 Iskenderun's Mystic Bla  Conj/Tloc      12%        2d5       45%         4
 Sticky Flame             Conj/Fire      12%        2d4       45%         4
 Dispel Undead            Necr           2%         3d7       82%         4


Dungeon Overview and Level Annotations

Branches:
Dungeon (4/15)
 Temple: D:4-7

Altars:
Vehumet


Innate Abilities, Weirdness & Mutations

Your plain brown scales are hard. (AC +5)
You cannot fit into any form of body armour.
You are cold-blooded and may be slowed by cold attacks.


Message History

The endoplasm quivers.
The endoplasm hits you but does no damage.
You hit the endoplasm.
Your tail-slap misses the endoplasm.
The endoplasm is almost dead.
The endoplasm hits you but does no damage.
You sock the endoplasm!
You kill the endoplasm!
The magic dart hits the goblin!
You kill the goblin!
An ogre and an adder come into view.
The ogre moves out of view.
The magic dart hits the adder.
The adder is moderately wounded.
The adder hisses angrily.
You hear a shout!
A hobgoblin comes into view.
The ogre attacks as you move away! The ogre barely misses you.
The ogre attacks as you move away! The ogre barely misses you.
There is a stone staircase leading up here.
Casting: Magic Dart (safe; 1% risk of failure)
Confirm with . or Enter, or press ? or * to list all spells.
Aiming: Searing Ray (safe; 2% risk of failure)
Press: ? - help, Shift-Dir - straight line, f/p - adder
Aim: an adder (moderately wounded, 63% to hit)
The searing ray misses the ogre.
The searing ray misses the adder. (Press . to maintain the ray.)
The searing ray hits the ogre!
The ogre is moderately wounded.
The searing ray hits the adder.
The adder is severely wounded.
The searing ray hits the hobgoblin.
You kill the hobgoblin!
The ogre hits you with a +0 giant club!!
Ouch! That really hurt!
The ogre misses you.
You climb upwards.
There is a stone staircase leading down here.
The ogre attacks as you move away! The ogre hits you with a +0 giant club!
* * * LOW HITPOINT WARNING * * *
The ogre attacks as you move away! The ogre hits you with a +0 giant club!
You die...

#####..##............##..........
#####..##.....###.##.##.##.......
##.....##.....# #.##.##.##.#.#...
##.##.######### #..........#.#...
##.##.# ########.#######.#...
......# ##...## #.# #.#...
##.#### #.###.###.# #..... #.#
#.# #.O..>#######....# #.#
#.###@######.........# #.####
#..<..# #.........#
#....######.#.#.# ###[.###)....
####........).#.# #....# #.....
########.###.# #.#..########
#.###.# #.#...#....## #.....#
#.#...'...... #######
#.#####...... #.# ####...


You could see an ogre.

Vanquished Creatures
  A phantom (D:4)
  An adder (D:1)
  A worm (D:2)
  3 dart slugs
  An orc (D:3)
  4 ball pythons
  6 bats
  8 endoplasms
  A giant cockroach (D:1)
  9 hobgoblins
  8 quokkas
  2 frilled lizards (D:1)
  10 goblins
  3 kobolds
  5 rats
63 creatures vanquished.

Vanquished Creatures (others)
  A plant (D:2)
1 creature vanquished.

Grand Total: 64 creatures vanquished

Notes
Turn   | Place    | Note
-------+----------+-------------------------------------------
     0 | D:1      | javelincjr the Draconian Conjurer began the quest for the
                  | Orb.
     0 | D:1      | Reached XP level 1. HP: 14/14 MP: 3/3
   470 | D:1      | Reached XP level 2. HP: 20/20 MP: 5/5
  1145 | D:1      | Learned a level 2 spell: Searing Ray
  1157 | D:1      | Reached XP level 3. HP: 26/26 MP: 6/6
  1633 | D:2      | Found a faded altar of an unknown god.
  1896 | D:2      | Reached XP level 4. HP: 33/33 MP: 7/7
  2398 | D:3      | Noticed an orc warrior
  2964 | D:3      | Found a radiant altar of Vehumet.
  3174 | D:4      | Noticed a phantom
  3181 | D:4      | Killed a phantom
  3182 | D:4      | Reached skill level 5 in Conjurations
  3182 | D:4      | Reached XP level 5. HP: 39/39 MP: 9/9
  3273 | D:4      | Noticed an ogre
  3288 | D:3      | HP: 1/39 [ogre/+0 giant club (15)]
  3291 | D:3      | Demolished by an ogre

Illustrated notes

Levels and vault maps discovered:
D:1:      dpeg_arrival_pits, layout_basic
D:2:      layout_rooms, dreamdust_ecumenical_altar_grove, serial_bayou_pond_b,
          minmay_misc_feat_encased, dreamdust_princess_bridge
D:3:      layout_loops_cross, vehumet_altar_wand_db, lightli_corner_chamber
D:4:      layout_basic, st_stairs_3, hangedman_decor_lopped,
          hangedman_abyss_or_decor_lesser_grid, minmay_goblin_kobold_house

Skill      XL: |  1  2  3  4 |
---------------+-------------+-----
Dodging        | 2 |  2.7
Stealth        | 2 |  2.7
Conjurations   | 5 |  5.0
Fighting       | |  0.6
Short Blades   | |  0.4
Spellcasting   | |  2.8

Action                   |  1- 3 |  4- 6 || total
-------------------------+-------+-------++-------
Melee: Unarmed           |    11 |       ||    11
       Dagger            |    22 |       ||    22
       Tailslap          |     4 |       ||     4
       Quarterstaff      |       |     4 ||     4
 Cast: Magic Dart        |    66 |    24 ||    90
       Searing Ray       |     7 |     5 ||    12
 Stab: Sleeping          |     1 |       ||     1
Armor: Skin              |    19 |     4 ||    23
Dodge: Dodged            |    31 |     8 ||    39
